 Dungeon Crawl Stone Soup version 0.31-a0-840-g6d2ecbb638 (webtiles) character file.

Game seed: 6950250515280302071

59 BinkBink the Magician (level 4, 0/31 HPs)
             Began as a Djinni Fire Elementalist on Sept 27, 2023.
             Was a Believer of Uskayaw.
             Slain by a goblin
             ... wielding a +0 dagger
             ... led by Robin
              (1 damage)
             ... on level 1 of the Dungeon.
             The game lasted 00:03:29 (881 turns).

BinkBink the Magician (Djinni Fire Elementalist)     Turns: 881, Time: 00:03:30

Health: 0/31       AC:  4    Str:  7    XL:     4   Next: 22%
Gold:   63         EV: 12    Int: 19    God:    Uskayaw [**....] SH:  0 Dex: 13

rFire   + + .        (no weapon)
rCold   x . .        (no shield)
rNeg    . . .        a - +0 robe
rPois   ∞            i - +1 helmet
rElec   .            (no cloak)
rCorr   .            (no gloves)
SInv    .            (boots unavailable)
Will    .....        (no amulet)
Stlth   ++           (no ring)
HPRegen 0.25/turn    (no ring)
MPRegen 0.00/turn

%: random rage (3%), infuse magic (-1 HP)
@: attractive, flying
A: sickness immunity, fire resistance 2, cold vulnerability 1, float, innate
caster, HP casting, extra vitality 1, berserk 1
a: Renounce Religion, Stomp, Line Pass


You were on level 1 of the Dungeon.
You worshipped Uskayaw.
Uskayaw was noncommittal.
You visited 1 branch of the dungeon, and saw 2 of its levels.

You collected 63 gold pieces.

Inventory:

Armour
 a - a +0 robe (worn)
 i - a +1 helmet (worn)
Scrolls
 c - a scroll of teleportation {unknown}
 d - 2 scrolls of vulnerability {unknown}
 e - 4 scrolls of identify {unknown}
 f - 2 scrolls of amnesia {unknown}
 g - a scroll of poison {unknown}
Potions
 b - a potion of mutation


   Skills:
 - Level 2.1 Dodging
 - Level 1.5 Stealth
 * Level 4.0 Spellcasting
 * Level 4.0 Conjurations
 * Level 4.0 Hexes
   Level 0.0 Charms
 * Level 4.0 Summonings
 * Level 4.0 Necromancy
 * Level 4.0 Translocations
 * Level 4.0 Transmutations
 * Level 4.0 Fire Magic
 * Level 4.0 Ice Magic
 * Level 4.0 Air Magic
 * Level 4.0 Earth Magic
 * Level 4.0 Poison Magic


You knew the following spells:

 Your Spells              Type           Power      Damage    Failure   Level
a - Foxfire               Conj/Fire      76%        2x1d7     2%          1
b - Scorch                Fire           38%        2d6       3%          2
c - Volatile Blastmotes   Fire/Tloc      38%        2d13      8%          3
d - Inner Flame           Hex/Fire       19%        N/A       8%          3
e - Flame Wave            Conj/Fire      19%        2d7       26%         4
f - Kiss of Death         Conj/Necr      76%        2d11      2%          1
Your spell library was empty.

Dungeon Overview and Level Annotations

Branches:
Dungeon (2/15)

Altars:
Uskayaw


Innate Abilities, Weirdness & Mutations

You are immune to sickness and miasma.
You are immune to poison.
Your flesh is very heat resistant. (rF++)
You are vulnerable to cold. (rC-)
You float through the air rather than walking.
You learn spells naturally, not from books.
Your magical power is your life essence.
You have superior vitality. (+4 MHP)
You sometimes lose your temper in combat.


Message History

Casting: Scorch (safe; 4% risk of failure)
Confirm with . or Enter, or press ? or * to list all spells.
Flames lash the hobgoblin.
You kill the hobgoblin!
The goblin hits you but does no damage. x2
The goblin hits you with a +0 dagger.
* * * LOW HITPOINT WARNING * * *
The goblin hits you but does no damage.
Casting: Scorch (safe; 4% risk of failure)
Confirm with . or Enter, or press ? or * to list all spells.
Flames lash the goblin.
You kill the goblin!
* * * LOW HITPOINT WARNING * * *
The goblin hits you but does no damage. The goblin misses you.
The goblin hits you with a +0 club.
* * * LOW HITPOINT WARNING * * *
Casting: Scorch (safe; 4% risk of failure)
Confirm with . or Enter, or press ? or * to list all spells.
Flames lash the goblin.
You kill the goblin!
* * * LOW HITPOINT WARNING * * *
The goblin closely misses you. The goblin hits you but does no damage.
Unknown command.
Casting: Scorch (safe; 3% risk of failure)
Confirm with . or Enter, or press ? or * to list all spells.
Flames lash the goblin.
You kill the goblin!
* * * LOW HITPOINT WARNING * * *
The goblin hits you with a +0 dagger.
* * * LOW HITPOINT WARNING * * *
Casting: Scorch (safe; 3% risk of failure)
Confirm with . or Enter, or press ? or * to list all spells.
You don't have enough health to cast this spell.
It was a potion of mutation.
You feel extremely strange.
You feel a little pissed off. The goblin barely misses you.
It was a potion of attraction.
You feel attractive to monsters. The goblin hits you with a +0 dagger.
You die...

.#.......###.# #....##
.#...........# ##.####
........###..# #..#
######### #..### #.##
##...####.#
#.#...##'###
#..........#
############....g)....#
...............)@†....#
................†)....#
.............##########
.............#
.............########
..[.................#
..#########.........#
:.# #.........# ..#
#.........#


You could see a goblin.

Vanquished Creatures
  Robin (D:1)
  An adder (D:1)
  3 dart slugs (D:1)
  2 ball pythons (D:1)
  3 endoplasms (D:1)
  6 goblins (D:1)
  2 hobgoblins (D:1)
  4 jackals (D:1)
  2 bats (D:1)
  4 frilled lizards (D:1)
  3 kobolds (D:1)
  A rat (D:1)
32 creatures vanquished.

Vanquished Creatures (others)
  62 foxfires (D:1)
62 creatures vanquished.

Grand Total: 94 creatures vanquished

Notes
Turn   | Place    | Note
-------+----------+-------------------------------------------
     0 | D:1      | BinkBink the Djinni Fire Elementalist began the quest for
                  | the Orb.
     0 | D:1      | BinkBink set off with the following spells memorised:
                  | Foxfire, Scorch, Volatile Blastmotes, Inner Flame, Flame
                  | Wave.
     0 | D:1      | Reached XP level 1. HP: 15/15 MP: 0/0
    73 | D:1      | Reached XP level 2. HP: 21/21 MP: 0/0
   202 | D:1      | Found a faded altar of an unknown god.
   260 | D:1      | Prayed at the altar of an unknown god.
   260 | D:1      | Became a worshipper of Uskayaw the Reveller
   260 | D:1      | Reached * piety under Uskayaw
   304 | D:1      | Reached ** piety under Uskayaw
   307 | D:1      | Reached *** piety under Uskayaw
   312 | D:1      | Reached **** piety under Uskayaw
   398 | D:1      | Reached XP level 3. HP: 18/25 MP: 0/0
   398 | D:1      | Learned a level 1 spell: Kiss of Death
   798 | D:2      | Noticed Robin
   805 | D:1      | Killed Robin
   876 | D:1      | Reached XP level 4. HP: 13/31 MP: 0/0
   879 | D:1      | HP: 1/31 [goblin/+0 dagger[Robin] (2)]
   880 | D:1      | Gained mutation: You sometimes lose your temper in combat.
                  | [potion of mutation]
   881 | D:1      | Slain by a goblin

Illustrated notes

Levels and vault maps discovered:
D:1:      scummos_arrival_star, layout_basic, chequers_ecumenical_altar_grove
D:2:      layout_rooms, uniq_sigmund, uniq_robin, uniq_terence

Skill      XL: |  1  2  3 |
---------------+----------+-----
Spellcasting   | 4 |  4.0
Conjurations   | 4 |  4.0
Hexes          | 4 |  4.0
Summonings     | 4 |  4.0
Necromancy     | 4 |  4.0
Translocations | 4 |  4.0
Transmutations | 4 |  4.0
Fire Magic     | 4 |  4.0
Ice Magic      | 4 |  4.0
Air Magic      | 4 |  4.0
Earth Magic    | 4 |  4.0
Poison Magic   | 4 |  4.0
Dodging        | |  2.1
Stealth        | |  1.5

Action                     |  1- 3 |  4- 6 || total
---------------------------+-------+-------++-------
   Cast: Foxfire           |    39 |       ||    39
         Scorch            |     9 |     4 ||    13
    Use: Potion            |       |     2 ||     2
 Armour: Robe              |    23 |     9 ||    32
  Dodge: Dodged            |    22 |     3 ||    25

Table legend: (Time is in decaauts)
 A = Elapsed time spent in this place.
 B = Non-inter-level travel time spent in this place.
 C = Inter-level travel time spent in this place.
 D = Time resting spent in this place.
 E = Time spent auto-exploring this place.
 F = Levels seen in this place.
 G = Mean time per level.
                   A        B        C        D        E       F      G
               +--------+--------+--------+--------+--------+-----+--------+
         Total |    882 |    862 |     20 |      0 |    702 |   2 |  441.0 |
       Dungeon |    882 |    862 |     20 |      0 |    702 |   2 |  441.0 |
               +--------+--------+--------+--------+--------+-----+--------+

Top non-repeatable levels by time:
     D:1: 878 daAuts
     D:2: 4 daAuts
